Map: World of Sleepers LE

Players

Zoun

  • Race: Protoss Protoss
  • Spawn Location: 1:00

HeroMarine - Winner!

  • Race: Terran Terran
  • Spawn Location: 7:00

Event: IEM Katowice 2020

VOD

Have the link to the VOD?

Description

Time

  • Played on: Feb. 24, 2020, 8:38 a.m.
  • Length: 10:24

All games in this series

Show
View Real Time Build Order
Export as new Build Order

Zoun Protoss 

Build Orders: 1 Gate Expand, Blink Stalkers 

Get SALT Encoding   

  12  0:00  Probe  
  13  0:12  Probe  
  14  0:17  Pylon  
  14  0:24  Probe (Chrono Boost)  
  16  0:37  Probe (Chrono Boost)  
  16  0:38  Gateway  
  16  0:42  Probe (Chrono Boost)  
  16  0:46  Assimilator  
  17  0:52  Probe  
  18  1:04  Probe  
  19  1:16  Probe  
  20  1:24  Cybernetics Core  
  20  1:32  Nexus  
  20  1:36  Probe  
  21  1:43  Pylon  
  21  1:48  Probe  
  21  1:51  Assimilator  
  22  2:00  Probe (Chrono Boost)  
  23  2:02  Adept  
  23  2:03  Warp Gate  
  25  2:13  Probe (Chrono Boost)  
  26  2:18  Probe (Chrono Boost)  
  27  2:23  Twilight Council  
  27  2:30  Probe (Chrono Boost)  
  27  2:33  Stalker  
  30  2:40  Probe (Chrono Boost)  
  31  2:46  Probe (Chrono Boost)  
  31  2:50  Probe (Chrono Boost)  
  33  2:53  Probe (Chrono Boost)  
  33  2:57  Probe (Chrono Boost)  
  35  2:58  Probe (Chrono Boost)  
  35  3:02  Blink (Chrono Boost)  
  35  3:03  Stalker  
  38  3:06  Pylon  
  38  3:13  Probe x2  
  40  3:24  Gateway  
  40  3:26  Gateway  
  40  3:29  Gateway  
  40  3:30  Probe  
  40  3:31  Probe  
  42  3:39  Robotics Facility  
  42  3:45  Probe x2  
  44  3:50  Pylon, Shield Battery  
  44  3:54  Stalker  
  46  3:58  Probe  
  47  4:02  Gateway  
  47  4:04  Probe  
  46  4:10  Probe, Pylon  
  46  4:18  Stalker, Shield Battery  
  46  4:21  Stalker  
  50  4:24  Stalker  
  50  4:25  Probe x2  
  50  4:27  Assimilator, Observer  
  55  4:41  Stalker  
  55  4:45  Nexus  
  57  4:47  Stalker  
  57  4:49  Probe  
  57  4:50  Pylon  
  57  4:51  Probe  
  57  4:52  Observer  
  62  5:03  Charge (Chrono Boost)  
  62  5:06  Pylon  
  62  5:08  Probe x2  
  62  5:11  Pylon  
  64  5:19  Gateway x2  
  64  5:20  Sentry  
  66  5:21  Gateway  
  66  5:29  Gateway  
  66  5:30  Gateway, Observer  
  66  5:35  Probe x2  
  68  5:39  Observer  
  68  5:40  Warp Prism  
  70  5:46  Sentry x2  
  70  5:49  Pylon  
  74  5:53  Probe x2  
  74  5:56  Sentry  
  78  5:59  Observer  
  78  6:10  Stalker x2  
  73  6:16  Probe x2  
  71  6:24  Probe (Chrono Boost)  
  68  6:26  Stalker  
  68  6:28  Probe (Chrono Boost)  
  68  6:31  Probe (Chrono Boost)  
  72  6:36  Zealot x4  
  72  6:37  Zealot  
  83  6:41  Probe (Chrono Boost)  
  83  6:46  Probe x2 (Chrono Boost)  
  81  6:49  Probe  
  81  6:50  Pylon  
  84  6:59  Probe x2  
  84  7:01  Probe  
  87  7:04  Sentry, Zealot x4  
  87  7:07  Pylon  
  97  7:09  Stalker  
  97  7:12  Stalker  
  97  7:14  Probe  
  102  7:23  Stalker  
  102  7:25  Stalker x2  
  102  7:28  Stalker  
  110  7:33  Probe x2 (Chrono Boost)  
  110  7:34  Probe (Chrono Boost)  
  113  7:40  Assimilator x2  
  113  7:43  Zealot x3  
  122  7:45  Probe x3 (Chrono Boost)  
  120  7:58  Zealot x3  
  108  8:06  Zealot x5  
  110  8:14  Probe x3  
  110  8:18  Zealot x3  
  119  8:29  Robotics Facility  
  119  8:31  Robotics Bay  
  117  8:34  Zealot x4  
  117  8:35  Zealot  
  117  8:38  Pylon  
  117  8:39  Pylon  
  119  8:50  Probe x2  
  119  8:54  Observer  
  115  8:55  Zealot x5  
  115  9:00  Zealot x3  
  87  9:13  Pylon  
  87  9:14  Pylon  
  87  9:15  Disruptor x2 (Chrono Boost)  
  87  9:17  Sentry  
  89  9:19  Sentry  
  89  9:20  Stalker x4  
  105  9:29  Zealot x2  
  109  9:40  Zealot  
  109  9:43  Disruptor  
  109  9:48  Zealot x5  
  109  9:49  Zealot  
  107  9:54  Zealot  
  82  10:05  Stalker  
Show
View Real Time Build Order
Export as new Build Order

HeroMarine Terran - Winner!

Build Orders: Hellion Opening 

Get SALT Encoding   

  12  0:00  SCV  
  13  0:12  SCV  
  14  0:16  Supply Depot  
  14  0:24  SCV  
  15  0:38  SCV  
  15  0:40  Barracks  
  16  0:43  Refinery  
  16  0:50  SCV  
  17  1:02  SCV  
  18  1:14  SCV  
  19  1:27  Marine, Orbital Command  
  20  1:41  Command Center  
  20  1:53  Factory  
  20  1:55  SCV  
  21  2:02  Barracks Reactor  
  21  2:08  SCV  
  22  2:10  Supply Depot  
  22  2:15  Refinery  
  22  2:20  SCV  
  23  2:32  SCV  
  24  2:41  Starport  
  24  2:44  SCV, Supply Depot, Hellion  
  24  2:49  Hellion  
  29  2:56  SCV  
  30  3:06  Hellion  
  30  3:08  SCV  
  30  3:10  Hellion  
  35  3:17  Medivac  
  37  3:20  SCV  
  37  3:21  Orbital Command  
  38  3:28  Hellion  
  38  3:32  Hellion  
  42  3:34  SCV  
  43  3:42  Barracks Tech Lab  
  43  3:46  SCV  
  43  3:47  Viking  
  46  3:49  SCV  
  47  3:58  SCV  
  47  4:01  SCV  
  49  4:06  Barracks  
  49  4:10  SCV  
  49  4:12  Marine x2  
  49  4:13  SCV  
  49  4:14  Supply Depot  
  53  4:22  SCV  
  54  4:28  Supply Depot  
  54  4:31  Barracks  
  54  4:36  SCV x2, Engineering Bay, Siege Tank  
  59  4:41  Marine x2  
  61  4:48  SCV  
  61  4:50  SCV  
  61  4:51  Supply Depot  
  63  4:59  Marine x2  
  65  5:00  SCV, Barracks Tech Lab  
  65  5:02  SCV  
  65  5:05  Command Center  
  65  5:11  Siege Tank  
  65  5:12  SCV, Terran Infantry Weapons Level 1  
  65  5:14  SCV  
  70  5:17  Marine  
  70  5:18  Marine  
  70  5:19  Refinery  
  70  5:21  Barracks Tech Lab  
  72  5:24  SCV  
  72  5:26  SCV, Marine  
  75  5:35  Marine  
  75  5:36  Marine, SCV, Refinery  
  75  5:38  Starport Reactor  
  75  5:39  SCV  
  75  5:40  Combat Shield  
  75  5:44  Siege Tank  
  75  5:47  Supply Depot  
  78  5:52  Supply Depot  
  78  6:01  Marine x4  
  78  6:02  SCV x2  
  84  6:14  SCV x2  
  84  6:16  Siege Tank  
  86  6:19  Marine x3  
  86  6:22  Barracks Tech Lab  
  86  6:24  Orbital Command  
  87  6:26  SCV  
  87  6:30  Medivac x2  
  93  6:37  Marine  
  93  6:38  Marauder  
  95  6:41  Barracks  
  95  6:42  Barracks  
  95  6:45  Stimpack, Marauder  
  93  6:47  SCV  
  93  6:48  SCV  
  93  6:49  Orbital Command  
  93  6:51  Siege Tank  
  98  6:57  Supply Depot  
  98  6:59  SCV, Marauder  
  98  7:00  SCV  
  102  7:04  Medivac  
  102  7:06  Medivac, Marauder  
  108  7:15  Marine x2, Missile Turret  
  110  7:20  Marauder  
  110  7:21  Terran Infantry Armor Level 1  
  110  7:22  SCV x3  
  113  7:24  Siege Tank  
  113  7:27  Marauder  
  118  7:30  Barracks Reactor, Barracks Tech Lab  
  118  7:32  Supply Depot  
  118  7:33  Marine  
  118  7:35  Marine  
  118  7:37  Supply Depot  
  118  7:40  SCV x2  
  118  7:42  Marauder  
  122  7:49  Concussive Shells, Marauder  
  124  7:51  Marine, Marauder  
  124  7:54  Marine, SCV x2, Orbital Command  
  126  8:03  Marauder  
  116  8:06  Marine x2, SCV x2  
  116  8:10  Marauder  
  116  8:11  Marine x2  
  116  8:12  Marauder  
  124  8:13  Medivac x2  
  124  8:18  SCV x2  
  128  8:23  Marine  
  128  8:24  Marine, Marauder  
  128  8:26  SCV  
  133  8:31  Marauder  
  137  8:39  Marine x2  
  137  8:41  Marine x2  
  132  8:45  Medivac  
  134  8:51  Medivac  
  134  8:56  SCV x2  
  134  8:57  SCV  
  134  8:58  Marine x2, Marauder  
  129  9:04  Marauder  
  129  9:05  Marine  
  129  9:08  Marine x2, SCV x2  
  129  9:09  SCV  
  134  9:16  Marine  
  135  9:19  Marauder  
  135  9:21  Engineering Bay  
  135  9:22  Marine x2  
  135  9:23  Armory  
  139  9:26  Marauder  
  139  9:27  Marine  
  141  9:31  Factory Reactor  
  141  9:32  Marine  
  141  9:33  Medivac x2  
  141  9:34  Marine  
  147  9:39  Supply Depot  
  147  9:40  Marine  
  147  9:42  Marauder  
  147  9:43  Marine  
  148  9:47  Marine, Marauder  
  148  9:50  Marine, SCV  
  148  9:52  Marine  
  143  9:57  Marine  
  132  10:00  Marine  

Tags
 
Add a new tag
Caveats
  • Supply blocks, unpowered buildings, or Contaminate may cause inaccurate times.
  • Supply counts are checked every 10 seconds.